 Dungeon Crawl Stone Soup version 0.23.1-37-gaa34b87 (webtiles) character file.

Game seed: 6942288552920190796

146 Irenicus the Chopper (level 5, -3/46 HPs)
             Began as a Deep Dwarf Monk on Mar 23, 2019.
             Slain by a worm (9 damage)
             ... on level 3 of the Dungeon.
             The game lasted 00:05:31 (1029 turns).

Irenicus the Chopper (Deep Dwarf Monk)              Turns: 1029, Time: 00:05:32

Health: -3/46      AC:  3    Str: 14    XL:     5   Next: 7%
Magic:  4/4        EV: 14    Int: 11    God:
Gold:   54         SH:  0    Dex: 16    Spells: 4/4 levels left

rFire    . . .     SeeInvis .   a - +0 hand axe
rCold    . . .     Gourm    .   (no shield)
rNeg     . . .     Faith    .   b - +1 robe
rPois    .         Spirit   .   (no helmet)
rElec    .         Reflect  .   (no cloak)
rCorr    .         Harm     .   (no gloves)
MR       .....                  (no boots)
Stlth    ++........             (no amulet)
HPRegen  0.00/turn              (no ring)
MPRegen  0.09/turn              (no ring)

@: lethally poisoned (-3 -> -3), non-regenerating
A: damage resistance, heal wounds, sense surroundings 1, no regeneration
a: Heal Wounds


You were on level 3 of the Dungeon.
You were hungry.

You visited 1 branch of the dungeon, and saw 3 of its levels.

You collected 54 gold pieces.

Inventory:

Hand Weapons
 a - a +0 hand axe (weapon)
Armour
 b - a +1 robe (worn)
Scrolls
 l - a scroll of immolation {!r}
Potions
 d - 2 potions of magic
 e - a potion of ambrosia {unknown}
 f - a potion of brilliance {unknown}
Comestibles
 c - 3 rations


   Skills:
 - Level 2.6 Fighting
 + Level 6.4 Axes
 - Level 3.2 Dodging
 - Level 2.4 Stealth


You had 4 spell levels left.
You didn't know any spells.
Your spell library was empty.

Dungeon Overview and Level Annotations

Branches:
Dungeon (3/15)

Altars:


Innate Abilities, Weirdness & Mutations

You are resistant to damage.
You can heal yourself by infusing magical energy.
You passively map a small area around you.
You do not regenerate.


Message History

The bat misses you.
You barely miss the bat. The bat closely misses you. The bat barely misses you.
The bat hits you but does no damage. The bat closely misses you.
The bat misses you. The bat hits you but does no damage.
The bat closely misses you. The bat barely misses you.
The bat hits you but does no damage.
A hobgoblin comes into view. It is wielding a +0 club.
The hobgoblin shouts!
The bat hits you but does no damage.
You hit the bat.
You kill the bat!
The hobgoblin hits you with a +0 club.
You take 3 damage, and have 18/40 hp.
You hit the hobgoblin but do no damage. You hit the hobgoblin.
The hobgoblin closely misses you.
You hit the hobgoblin.
You kill the hobgoblin!
You see here a +0 club.
There is a stone staircase leading down here.
You climb downwards.
There is a stone staircase leading up here.
A bat comes into view. 2 orcs come into view.
The orc shouts!
You hear a shout!
A goblin comes into view. It is wielding a +0 club.
The orc moves out of view.
The orc shouts!
You hear a shout!
An orc comes into view. It is wielding a +0 dagger.
The goblin hits you with a +0 club.
You take 1 damage, and have 17/40 hp.
You slash the goblin!
You kill the goblin!
The bat barely misses you. The bat closely misses you.
You completely miss the bat. The bat hits you.
The bat hits you but does no damage.
You closely miss the bat. The bat closely misses you.
The bat hits you but does no damage.
You see here a bubbling golden potion.
f - a bubbling golden potion The bat hits you but does no damage.
An adder comes into view.
The bat closely misses you.
Things that are here:
a +0 club; a goblin corpse You barely miss the orc.
The adder hisses angrily.
You hit the bat. You barely miss the orc. The bat barely misses you.
The orc misses you. The orc closely misses you.
The bat hits you but does no damage.
You closely miss the orc. You miss the bat. You hit the orc.
The bat misses you. The orc closely misses you.
The orc hits you with a cursed -2 club. The bat closely misses you.
You take 2 damage, and have 15/40 hp.
You barely miss the orc. You completely miss the orc. You hit the bat.
You kill the bat!
The orc hits you but does no damage. The orc misses you.
You slash the orc!
You kill the orc!
You barely miss the orc. You closely miss the adder. You hit the orc.
You barely miss the orc. The adder bites you.
* * * LOW HITPOINT WARNING * * *
You are poisoned.
The adder poisons you!
A worm comes into view.
The orc closely misses you.
You take 3 damage, and have 12/40 hp.
You hit the orc. You hit the adder. You hit the orc but do no damage.
The adder closely misses you. The orc hits you with a +0 club.
The adder bites you.
You are more poisoned.
The adder poisons you! The orc closely misses you.
You hit the adder. You hit the orc.
You kill the orc!
You hit the orc.
You kill the orc!
The adder closely misses you.
You hit the adder. The adder barely misses you.
You hit the adder but do no damage. The adder barely misses you.
The adder bites you.
* * * LOW HITPOINT WARNING * * *
You take 3 damage, and have 9/40 hp.
You miss the adder. The adder closely misses you.
You hit the adder.
You kill the adder!
You have reached level 5!
MP restored: 4
Things that are here:
a cursed -2 club; an orc corpse; a bat corpse
Things that are here:
a +0 club; a +0 leather armour; an orc corpse You hit the worm but do no damage.
You completely miss the worm. The worm bites you.
* * * LOW HITPOINT WARNING * * *
You take 4 damage, and have 6/46 hp.
You hit the worm. The worm bites you!
You die...

* ,,, ... * ,
#[, #.# #. * #.#
* ,##.. , #.## *
* * ⌠ ##... **
#.<# #.....
####..#* ,,, ,
......##....## *
##.....))####...
......w@).....#
* ,*
......#########
* .#..## * , #.
,,, > * , # ,, ,
* , , , , , , ,
* *, ,, , * * ,
*


You could see a worm.

Vanquished Creatures
  Terence (D:2)
  4 adders
  3 oozes (D:1)
  A worm (D:2)
  2 dart slugs
  A leopard gecko (D:2)
  3 orcs (D:3)
  5 bats
  7 goblins
  6 hobgoblins
  7 jackals
  A quokka (D:2)
  A ball python (D:2)
  3 frilled lizards (D:2)
  10 kobolds
  4 rats
59 creatures vanquished.

Notes
Turn   | Place    | Note
-------+----------+-------------------------------------------
     0 | D:1      | Irenicus the Deep Dwarf Monk began the quest for the Orb.
     0 | D:1      | Reached XP level 1. HP: 20/20 MP: 1/1
   113 | D:1      | Reached XP level 2. HP: 25/27 MP: 2/2
   124 | D:1      | Reached skill level 4 in Axes
   300 | D:1      | Reached XP level 3. HP: 16/33 MP: 3/3
   603 | D:2      | Reached skill level 5 in Axes
   625 | D:2      | HP: 7/33 [adder (3)]
   682 | D:2      | Reached XP level 4. HP: 9/40 MP: 4/4
   726 | D:2      | HP: 5/40 [worm (4)]
   798 | D:2      | Noticed Terence
   815 | D:2      | Killed Terence
   815 | D:2      | Reached skill level 6 in Axes
  1022 | D:3      | HP: 9/40 [adder (3)]
  1024 | D:3      | Reached XP level 5. HP: 10/46 MP: 4/4
  1028 | D:3      | HP: 6/46 [worm (4)]
  1029 | D:3      | Slain by a worm

Skill      XL: |  1  2  3  4 |
---------------+-------------+-----
Axes           | 4 5 6 |  6.4
Fighting       | |  2.6
Dodging        | |  3.2
Stealth        | |  2.4

Action                   |  1- 3 |  4- 6 || total
-------------------------+-------+-------++-------
Melee: Hand axe          |   112 |    99 ||   211
 Abil: Heal Wounds       |       |     1 ||     1
  Use: Scroll            |       |     6 ||     6
       Potion            |       |     2 ||     2
 Stab: Sleeping          |     4 |     2 ||     6
Armor: Robe              |    18 |    24 ||    42
       Skin              |       |    28 ||    28
Dodge: Dodged            |   112 |    80 ||   192

Levels and vault maps discovered:
D:1:      tarquinn_simple_flora_water_f, layout_loops_cross
D:2:      layout_loops_ring, first_ration, lexackson_kobold_supper, uniq_terence
D:3:      layout_rooms, gammafunk_ghost_nasty_kobolds

Table legend:
 A = Turns spent in this place as a percentage of turns spent in the entire game.
 B = Non-inter-level travel turns spent in this place as a percentage of non-inter-level travel turns spent in the entire game.
 C = Inter-level travel turns spent in this place as a percentage of turns spent in this place.
 D = Turns resting spent in this place as a percentage of non-inter-level travel turns spent in this place.
 E = Turns spent auto-exploring this place as a percentage of non-inter-level travel turns spent in this place.
 F = Non-inter-level travel turns spent in this place divided by the number of levels of this place that you've seen.
                   A       B       C       D       E      F
               +-------+-------+-------+-------+-------+----------------------
         Total | 100.0 | 100.0 |   0.0 |   0.8 |   0.0 | 343.0
       Dungeon | 100.0 | 100.0 |   0.0 |   0.8 |   0.0 | 343.0
               +-------+-------+-------+-------+-------+----------------------

Table legend:
 A = Kills in this place as a percentage of kills in entire the game.
 B = Kills by you in this place as a percentage of kills by you in the entire game.
 C = Kills by friends in this place as a percentage of kills by friends in the entire game.
 D = Other kills in this place as a percentage of other kills in the entire game.
 E = Experience gained in this place as a percentage of experience gained in the entire game.
 F = Experience gained in this place divided by the number of levels of this place that you have seen.
                   A       B       C       D       E      F
               +-------+-------+-------+-------+-------+----------------------
         Total | 100.0 | 100.0 |   N/A |   N/A | 100.0 |  69.7
       Dungeon | 100.0 | 100.0 |   N/A |   N/A | 100.0 |  69.7
               +-------+-------+-------+-------+-------+----------------------
